EL
PORTLAND SEA DOGS @ AKRON RUBBERDUCKS
08/24/2048
 
TOP OF THE 1ST
Portland Sea Dogs batting - Pitching for Akron RubberDucks : RHP Ferdi Schipper
Pitching: RHP Ferdi Schipper
Batting: LHB Dave Reyes 0-0: Called Strike
0-1: Ball
1-1: Swinging Strike
1-2: Foul Ball, location: 2F
1-2: Strikes out swinging
Batting: LHB Sergio Tinoco 0-0: Ball
1-0: Ground out 4-3 (Groundball, 4M, EV 101.9 MPH)
Batting: RHB Ernie Genier 0-0: Called Strike
0-1: Swinging Strike
0-2: Ball
1-2: Strikes out swinging
Top of the 1st over - 0 runs, 0 hits, 0 errors, 0 left on base; Portland 0 - Akron 0
BOTTOM OF THE 1ST
Akron RubberDucks batting - Pitching for Portland Sea Dogs : RHP Justin Swenson
Pitching: RHP Justin Swenson
Batting: RHB Mitch Boyd 0-0: Ball
1-0: Fly out, F9 (Flyball, 9S, EV 84.4 MPH)
Batting: SHB Jarrod Lindblad 0-0: Ground out 6-3 (Groundball, 4M, EV 103.8 MPH)
Batting: SHB Valentin Laporte 0-0: Ball
1-0: Ball
2-0: Called Strike
2-1: Called Strike
2-2: Ball
3-2: Fly out, F9 (Line Drive, 89M, EV 105.0 MPH)
Bottom of the 1st over - 0 runs, 0 hits, 0 errors, 0 left on base; Portland 0 - Akron 0
TOP OF THE 2ND
Portland Sea Dogs batting - Pitching for Akron RubberDucks : RHP Ferdi Schipper
Batting: LHB David Moore 0-0: Called Strike
0-1: Swinging Strike
0-2: SINGLE (Groundball, 5D, EV 96.9 MPH)
Batting: RHB Travis Campbell 0-0: SINGLE (Groundball, 4M, EV 98.8 MPH) (infield hit)
David Moore to second
Batting: RHB Alex Melendez 0-0: Called Strike
0-1: Swinging Strike
0-2: Strikes out looking
Batting: RHB Miguel Villanueva 0-0: Swinging Strike
0-1: Ball
1-1: Swinging Strike
1-2: Ball
2-2: Foul Ball, location: 2F
2-2: Foul Ball, location: 2F
2-2: Fly out, F7 (Line Drive, 7LM, EV 87.5 MPH)
Batting: SHB Gus Cruz 0-0: Ball
1-0: Ball
2-0: Swinging Strike
2-1: Called Strike
2-2: Ball
3-2: Strikes out swinging
Top of the 2nd over - 0 runs, 2 hits, 0 errors, 2 left on base; Portland 0 - Akron 0
BOTTOM OF THE 2ND
Akron RubberDucks batting - Pitching for Portland Sea Dogs : RHP Justin Swenson
Batting: LHB Esteban Cordova 0-0: Ground out 5-3 (Groundball, 56, EV 90.0 MPH)
Batting: RHB Anibal Casteles 0-0: Ball
1-0: SOLO HOME RUN (Flyball, 78XD, EV 96.9 MPH), Distance : 389 ft
Batting: RHB Tristan Wright 0-0: SOLO HOME RUN (Flyball, 7LD, EV 92.5 MPH), Distance : 337 ft
Batting: RHB Rico Coss 0-0: Ball
1-0: Ball
2-0: Ground out 2-3 (Groundball, 15S, EV 74.4 MPH)
Batting: SHB Edwin Dominguez 0-0: Called Strike
0-1: SOLO HOME RUN (Flyball, 89XD, EV 101.9 MPH), Distance : 400 ft
Batting: RHB George Wagner 0-0: Foul Ball, location: 2F
0-1: Foul Ball, location: 2F
0-2: Fly out, F6 (Line Drive, 6M, EV 74.4 MPH)
Bottom of the 2nd over - 3 runs, 3 hits, 0 errors, 0 left on base; Portland 0 - Akron 3
TOP OF THE 3RD
Portland Sea Dogs batting - Pitching for Akron RubberDucks : RHP Ferdi Schipper
Batting: RHB Frank Sokolosky 0-0: Called Strike
0-1: Ball
1-1: Ground out U3 (Groundball, 3, EV 87.5 MPH)
Batting: LHB Dave Reyes 0-0: Swinging Strike
0-1: Ball
1-1: Ball
2-1: Ball
3-1: Base on Balls
Batting: LHB Sergio Tinoco 0-0: Called Strike
0-1: Called Strike
0-2: Ball
1-2: Foul Ball, location: 2F
1-2: Ball
2-2: Fly out, F9 (Flyball, 9D, EV 88.1 MPH)
Batting: RHB Ernie Genier 0-0: Ball
Dave Reyes steals 2nd base (no throw)
1-0: Called Strike
1-1: Foul Ball, location: 2F
1-2: Foul Ball, location: 2F
1-2: Fly out, F8 (Flyball, 8LD, EV 90.6 MPH)
Top of the 3rd over - 0 runs, 0 hits, 0 errors, 1 left on base; Portland 0 - Akron 3
BOTTOM OF THE 3RD
Akron RubberDucks batting - Pitching for Portland Sea Dogs : RHP Justin Swenson
Batting: RHB Mitch Boyd 0-0: Ball
1-0: SINGLE (Line Drive, 8RS, EV 106.9 MPH)
Batting: SHB Jarrod Lindblad 0-0: Swinging Strike
0-1: Ball
1-1: Called Strike
Mitch Boyd steals 2nd base
1-2: Ball
2-2: Strikes out looking
Batting: SHB Valentin Laporte 0-0: Called Strike
0-1: Ball
1-1: Fly out, F7 (Flyball, 7, EV 90.6 MPH)
Batting: LHB Esteban Cordova 0-0: Called Strike
0-1: Ball
1-1: Ball
2-1: Ball
3-1: Base on Balls
Batting: RHB Anibal Casteles 0-0: Foul Ball, location: 2F
0-1: Ball
1-1: Fielders Choice at 2nd, 6-4 (Groundball, 6, EV 83.8 MPH)
Bottom of the 3rd over - 0 runs, 1 hit, 0 errors, 2 left on base; Portland 0 - Akron 3
TOP OF THE 4TH
Portland Sea Dogs batting - Pitching for Akron RubberDucks : RHP Ferdi Schipper
Batting: LHB David Moore 0-0: Ball
1-0: Foul Ball, location: 2F
1-1: Ball
2-1: Foul Ball, location: 2F
2-2: Ball
3-2: Foul Ball, location: 2F
3-2: SINGLE (Line Drive, 56D, EV 97.5 MPH)
Batting: RHB Travis Campbell 0-0: Swinging Strike
0-1: Ball
1-1: SINGLE (Flyball, 34D, EV 93.1 MPH)
David Moore to second
Batting: RHB Alex Melendez 0-0: Ball
1-0: Ball
2-0: Fly out, F9 (Flyball, 89S, EV 89.4 MPH)
Batting: RHB Miguel Villanueva 0-0: Called Strike
0-1: Called Strike
0-2: Fly out, F7 (Flyball, 78M, EV 95.6 MPH)
Batting: SHB Gus Cruz 0-0: Foul Ball, location: 2F
0-1: Ball
1-1: Ball
2-1: Foul Ball, location: 2F
2-2: Fly out, F6 (Popup, 6MD, EV 58.1 MPH)
Top of the 4th over - 0 runs, 2 hits, 0 errors, 2 left on base; Portland 0 - Akron 3
BOTTOM OF THE 4TH
Akron RubberDucks batting - Pitching for Portland Sea Dogs : RHP Justin Swenson
Batting: RHB Tristan Wright 0-0: Ball
1-0: Hit by Pitch
Batting: RHB Rico Coss 0-0: Called Strike
0-1: Ball
1-1: Called Strike
1-2: Foul Ball, location: 2F
1-2: Grounds into double play, 6-4-3 (Groundball, 6, EV 80.6 MPH)
Batting: SHB Edwin Dominguez 0-0: Called Strike
0-1: Hit by Pitch
Batting: RHB George Wagner 0-0: Ball
1-0: Ball
2-0: Called Strike
Edwin Dominguez steals 2nd, throwing error, E2
Edwin Dominguez to third
2-1: SINGLE (Groundball, 34D, EV 95.0 MPH)
Edwin Dominguez scores
Batting: RHB Mitch Boyd 0-0: Called Strike
0-1: Called Strike
0-2: Ball
1-2: Strikes out swinging
Bottom of the 4th over - 1 run, 1 hit, 1 error, 1 left on base; Portland 0 - Akron 4
TOP OF THE 5TH
Portland Sea Dogs batting - Pitching for Akron RubberDucks : RHP Ferdi Schipper
Batting: RHB Frank Sokolosky 0-0: Called Strike
0-1: Ball
1-1: Called Strike
1-2: Ball
2-2: Strikes out swinging
Batting: LHB Dave Reyes 0-0: Called Strike
0-1: Swinging Strike
0-2: Strikes out looking
Batting: LHB Sergio Tinoco 0-0: Ball
1-0: Ball
2-0: Fly out, F7 (Flyball, 7D, EV 105.6 MPH)
Top of the 5th over - 0 runs, 0 hits, 0 errors, 0 left on base; Portland 0 - Akron 4
BOTTOM OF THE 5TH
Akron RubberDucks batting - Pitching for Portland Sea Dogs : RHP Justin Swenson
Batting: SHB Jarrod Lindblad 0-0: Ball
1-0: Foul Ball, location: 2F
1-1: SOLO HOME RUN (Flyball, 89XD, EV 105.6 MPH), Distance : 392 ft
Pitching: RHP Riley Pooley
Batting: SHB Valentin Laporte 0-0: Ball
1-0: Ball
2-0: Fly out, F8 (Flyball, 8RD, EV 104.4 MPH)
Batting: LHB Esteban Cordova 0-0: Swinging Strike
0-1: Foul Ball, location: 2F
0-2: Ball
1-2: Ball
2-2: TRIPLE (Line Drive, 8RXD, EV 109.4 MPH)
Batting: RHB Anibal Casteles 0-0: Called Strike
0-1: Ball
1-1: Called Strike
1-2: Strikes out swinging
Batting: RHB Tristan Wright 0-0: Ball
Wild Pitch!
Esteban Cordova scores
1-0: Ball
2-0: Foul Ball, location: 2F
2-1: Ground out 5-3 (Groundball, 5, EV 95.0 MPH)
Bottom of the 5th over - 2 runs, 2 hits, 0 errors, 0 left on base; Portland 0 - Akron 6
TOP OF THE 6TH
Portland Sea Dogs batting - Pitching for Akron RubberDucks : RHP Ferdi Schipper
Batting: RHB Ernie Genier 0-0: Foul Ball, location: 2F
0-1: Ball
1-1: Called Strike
1-2: Fly out, F8 (Flyball, 8LD, EV 102.5 MPH)
Batting: LHB David Moore 0-0: Ball
1-0: SINGLE (Groundball, 34D, EV 108.8 MPH)
Batting: RHB Travis Campbell 0-0: Called Strike
0-1: Ball
1-1: Swinging Strike
1-2: Grounds into double play, 5-4-3 (Groundball, 5, EV 86.2 MPH)
Top of the 6th over - 0 runs, 1 hit, 0 errors, 0 left on base; Portland 0 - Akron 6
BOTTOM OF THE 6TH
Akron RubberDucks batting - Pitching for Portland Sea Dogs : RHP Riley Pooley
Batting: RHB Rico Coss 0-0: Ground out 4-3 (Groundball, 34, EV 87.5 MPH)
Batting: SHB Edwin Dominguez 0-0: Ball
1-0: Ball
2-0: Called Strike
2-1: Ball
3-1: Base on Balls
Pitching: LHP Jon Convery
Batting: RHB George Wagner 0-0: Ball
1-0: Ball
2-0: Called Strike
2-1: Ground out 4-3 (Groundball, 34, EV 100.0 MPH)
Edwin Dominguez to second
Batting: RHB Mitch Boyd 0-0: Ball
1-0: Foul Ball, location: 2F
1-1: Ball
2-1: Ball
3-1: Foul Ball, location: 2F
3-2: Fly out, F9 (Flyball, 9D, EV 106.2 MPH)
Bottom of the 6th over - 0 runs, 0 hits, 0 errors, 1 left on base; Portland 0 - Akron 6
TOP OF THE 7TH
Portland Sea Dogs batting - Pitching for Akron RubberDucks : RHP Ferdi Schipper
Batting: RHB Alex Melendez 0-0: Called Strike
0-1: Ball
1-1: Ball
2-1: SINGLE (Line Drive, 3D, EV 95.6 MPH)
Pitching: RHP Danny Bustos
Batting: RHB Miguel Villanueva 0-0: Called Strike
0-1: Grounds into double play, 4-6-3 (Groundball, 4, EV 85.6 MPH)
Batting: SHB Gus Cruz 0-0: Called Strike
0-1: Ball
1-1: Ball
2-1: Ground out 5-3 (Groundball, 5, EV 86.2 MPH)
Top of the 7th over - 0 runs, 1 hit, 0 errors, 0 left on base; Portland 0 - Akron 6
BOTTOM OF THE 7TH
Akron RubberDucks batting - Pitching for Portland Sea Dogs : LHP Jon Convery
Batting: SHB Jarrod Lindblad 0-0: Foul Ball, location: 2F
0-1: Called Strike
0-2: Strikes out swinging
Batting: SHB Valentin Laporte 0-0: Ball
1-0: Called Strike
1-1: Ball
2-1: Ball
3-1: Ground out 5-3 (Groundball, 56, EV 100.6 MPH)
Batting: LHB Esteban Cordova 0-0: Ball
1-0: Foul Ball, location: 2F
1-1: Ball
2-1: Fly out, F6 (Popup, 6, EV 59.4 MPH)
Bottom of the 7th over - 0 runs, 0 hits, 0 errors, 0 left on base; Portland 0 - Akron 6
TOP OF THE 8TH
Portland Sea Dogs batting - Pitching for Akron RubberDucks : RHP Danny Bustos
Batting: RHB Frank Sokolosky 0-0: Ground out 4-3 (Groundball, 4, EV 90.0 MPH)
Batting: LHB Dave Reyes 0-0: Called Strike
0-1: Ball
1-1: Fly out, F5 (Line Drive, 5, EV 61.2 MPH)
Batting: LHB Sergio Tinoco 0-0: Swinging Strike
0-1: Called Strike
0-2: Foul Ball, location: 2F
0-2: Ball
1-2: Strikes out swinging wild pitch, reaches first!
Batting: RHB Ernie Genier 0-0: DOUBLE (Line Drive, 7LM, EV 110.0 MPH)
Sergio Tinoco to third
Runner from 3rd tries for Home, SAFE, throw by LF to home
Batting: LHB David Moore 0-0: Ball
1-0: Ball
2-0: Swinging Strike
2-1: Foul Ball, location: 2F
2-2: 2-RUN HOME RUN (Flyball, 9LD, EV 90.6 MPH), Distance : 351 ft
Pitching: LHP Gil Longoria
Batting: RHB Travis Campbell 0-0: Ball
1-0: Called Strike
1-1: Ground out 4-3 (Groundball, 4, EV 81.9 MPH)
Top of the 8th over - 3 runs, 2 hits, 0 errors, 0 left on base; Portland 3 - Akron 6
BOTTOM OF THE 8TH
Akron RubberDucks batting - Pitching for Portland Sea Dogs : LHP Jon Convery
Batting: RHB Anibal Casteles 0-0: Swinging Strike
0-1: Ball
1-1: Swinging Strike
1-2: Fly out, F4 (Flyball, 34D, EV 89.4 MPH)
Batting: RHB Tristan Wright 0-0: Called Strike
0-1: Foul Ball, location: 2F
0-2: Ball
1-2: Strikes out swinging
Batting: RHB Rico Coss 0-0: Called Strike
0-1: DOUBLE (Flyball, 8RXD, EV 100.0 MPH)
Batting: SHB Edwin Dominguez 0-0: Ball
1-0: Ball
2-0: Foul Ball, location: 2F
2-1: Foul Ball, location: 2F
2-2: Foul Ball, location: 2F
2-2: Ground out 4-3 (Groundball, 4, EV 105.6 MPH)
Bottom of the 8th over - 0 runs, 1 hit, 0 errors, 1 left on base; Portland 3 - Akron 6
TOP OF THE 9TH
Portland Sea Dogs batting - Pitching for Akron RubberDucks : LHP Gil Longoria
Pitching: RHP Juan Flores
Batting: RHB Alex Melendez 0-0: Ball
1-0: Swinging Strike
1-1: Ground out 5-3 (Groundball, 56S, EV 86.2 MPH)
Batting: RHB Miguel Villanueva 0-0: Ball
1-0: Foul Ball, location: 2F
1-1: Ball
2-1: Ball
3-1: Fly out, F7 (Line Drive, 7, EV 90.0 MPH)
Batting: SHB Gus Cruz 0-0: Called Strike
0-1: SINGLE (Flyball, 4D, EV 85.6 MPH)
Batting: RHB Frank Sokolosky 0-0: Called Strike
0-1: Ball
1-1: Foul Ball, location: 2F
1-2: Foul Ball, location: 2F
1-2: Ball
2-2: Strikes out swinging
Top of the 9th over - 0 runs, 1 hit, 0 errors, 1 left on base; Portland 3 - Akron 6
Tuesday, March 28th , 2023 - OOTP Baseball 23.10 Build 110